 Dungeon Crawl Stone Soup version 0.18.1-6-gd335043 (webtiles) character file.

51 buf2 the Bolt Thrower (level 4, 0/33 HPs)
             Began as a Human Hunter on May 13, 2016.
             Succumbed to an adder's poison
             ... on level 2 of the Dungeon on May 17, 2016.
             The game lasted 00:08:48 (1421 turns).

buf2 the Bolt Thrower (Human Hunter)                Turns: 1421, Time: 00:08:49

Health: 0/33       AC:  3    Str: 12    XL:     4   Next: 7%
Magic:  4/4        EV: 12    Int: 13    God:
Gold:   115        SH:  0    Dex: 13    Spells: 0 memorised, 3 levels left

rFire  . . .     SeeInvis .     b - +1 short sword
rCold  . . .     Gourm    .     c - +0 leather armour
rNeg   . . .     Faith    .     (no shield)
rPois  .         Spirit   .     (no helmet)
rElec  .         Dismiss  .     (no cloak)
rCorr  .         Reflect  .     (no gloves)
SustAt .         Harm     .     (no boots)
MR     .....                    (no amulet)
Stlth  +.........               (no ring)
                                (no ring)

@: lethally poisoned (0 -> -15), not resistant to hostile enchantments, very
unstealthy
A: no striking features
a: no special abilities


You were on level 2 of the Dungeon.
You were hungry.

You visited 1 branch of the dungeon, and saw 2 of its levels.

You collected 115 gold pieces.

Inventory:

Hand Weapons
 a - a +1 hand crossbow
 b - a +1 short sword (weapon)
 j - a +0 spear
 n - a +0 whip
Missiles
 d - 48 bolts
 e - 71 stones (quivered)
 g - 14 sling bullets
Armour
 c - a +0 leather armour (worn)
 k - a +0 ring mail
Jewellery
 l - an uncursed ring of fire
 q - a +3 amulet of reflection {unknown}
Potions
 p - a potion of might {unknown}
Comestibles
 f - 2 bread rations
 h - a chunk of flesh
 i - a meat ration


   Skills:
 + Level 2.2 Fighting
 + Level 0.2 Short Blades
 + Level 5.1 Crossbows
 + Level 0.4 Armour
 + Level 2.1 Dodging
 + Level 1.0 Stealth


You had 3 spell levels left.
You didn't know any spells.

Dungeon Overview and Level Annotations

Branches:
Dungeon (2/15)

Altars:
Sif Muna


Message History

You hear a loud clanging noise!
It was a scroll of noise.
* * * LOW HITPOINT WARNING * * *
You feel sick. The adder closely misses you.
Read which item? (? for menu, Esc to quit)
As you read the scroll labeled JAMIUF BICKE, it crumbles to dust.
It is a scroll of enchant weapon.
Enchant which weapon? (? for menu, Esc to quit)
Your +0 short sword glows red for a moment.
* * * LOW HITPOINT WARNING * * *
You feel sick. The adder closely misses you. x2
You are feeling hungry.
You hit the adder but do no damage.
The adder is lightly wounded.
* * * LOW HITPOINT WARNING * * *
You feel sick. The adder bites you.
* * * LOW HITPOINT WARNING * * *
You are more poisoned.
The adder poisons you!
You die...

.. .....#### ####.. ...
... ..#.# #.# #.######
#.#.# #.###.#.....
.###.#.#####.....#.####
.......................
#.###.....#########.####
........................
#.#####@#.#########.###.
#.......#.# #.........#.
#######S#+# #.#########.
.(. ########' ...).
......... #......
......... #.(.....
....).... #####+#..
......... .## ########'


You could see an adder.

Vanquished Creatures
  An ooze (D:1)
  2 worms (D:2)
  A dart slug (D:1)
  3 giant cockroaches
  8 goblins
  7 hobgoblins
  3 kobolds (D:1)
  2 ball pythons (D:1)
  6 bats
  3 rats (D:1)
36 creatures vanquished.

Notes
Turn   | Place    | Note
--------------------------------------------------------------
     0 | D:1      | buf2 the Human Hunter began the quest for the Orb.
     0 | D:1      | Reached XP level 1. HP: 16/16 MP: 1/1
   142 | D:1      | Reached XP level 2. HP: 22/22 MP: 2/2
   302 | D:1      | Reached XP level 3. HP: 27/27 MP: 3/3
   886 | D:1      | Upgraded the game from 0.18.1-5-g4a78601 to 0.18.1-6-gd335043
  1034 | D:2      | Reached skill level 5 in Crossbows
  1193 | D:2      | Found a deep blue altar of Sif Muna.
  1364 | D:2      | Reached XP level 4. HP: 33/33 MP: 4/4
  1420 | D:2      | HP: 1/33 [adder (3)]
  1421 | D:2      | Succumbed to an adder's poison

Skill      XL: |  1  2  3 |
---------------+----------+-----
Crossbows      | 5 |  5.1
Fighting       | |  2.2
Short Blades   | |  0.2
Armour         | |  0.4
Dodging        | |  2.1
Stealth        | |  1.0

Action                   |  1- 3 |  4- 6 || total
-------------------------+-------+-------++-------
Melee: Short sword       |    25 |     9 ||    34
 Fire: Hand crossbow     |    57 |     3 ||    60
Throw: Stone             |     8 |       ||     8
  Use: Scroll            |     3 |     2 ||     5
  Eat: Chunk             |     1 |       ||     1
Armor: Leather armour    |    14 |       ||    14
Dodge: Dodged            |    24 |     6 ||    30
